AoeStats
← albanplumed

African Clearing

505114342Analyzed
3v3 RM · 23d ago on Sep 7, 2026· 46m 47s· 6 players
Game mode
Random Map
Map size
Normal (6 player)
Population
200
Speed
Normal
Resources
Standard
Victory
Conquest
Starting age
Dark Age
Ending age
Imperial Age
RankedLock teamsTeams togetherTeam positionsShared explorationLock speedFull tech treeHidden civsTurbo modeCheats
Victory
Defeat
🇧🇷 Vietnamese · Brazil
1344
+14
🇧🇷 Koreans · Brazil
1322
+15
🇧🇷 Khitans · Brazil
1311
+16
🇹🇷 Goths · Türkiye
1349
-17
🇹🇷 Huns · Türkiye
1283
-14
🇹🇷 Vietnamese · Türkiye
1280
-14
Sem
3:04 Loom
13:35 Feudal Age
16:32 Double-Bit Axe
20:18 Castle Age
18:14 Horse Collar
21:50 Heavy Plow
22:00 Bow Saw
25:13 Stone Mining
25:14 Gold Mining
29:33 Scale Mail Armor
31:59 Fletching
32:09 Padded Archer Armor
35:30 Imperial Age
33:24 Chain Mail Armor
33:54 Forging
33:33 Pikeman
34:14 Squires
34:12 Bodkin Arrow
35:30 Iron Casting
35:14 Anarchy
37:37 Blast Furnace
37:08 Conscription
39:07 Pikeman
39:23 Pikeman
40:56 Wheelbarrow
41:08 Halberdier
ysk
8:59 Loom
13:54 Feudal Age
18:11 Castle Age
22:08 Fletching
31:02 Double-Bit Axe
31:34 Horse Collar
32:22 Bow Saw
40:11 Wheelbarrow
43:44 Imperial Age
42:18 Bodkin Arrow
43:15 Gold Mining
44:16 Hand Cart
44:06 Padded Archer Armor
46:32 Ballistics
46:34 Bracer
47:38 Chemistry
albanplumed
10:20 Loom
12:29 Feudal Age
14:41 Scale Barding Armor
16:19 Bloodlines
26:31 Castle Age
25:54 Forging
26:25 Double-Bit Axe
32:43 Horse Collar
37:39 Heavy Plow
40:27 Wheelbarrow
42:39 Hand Cart
43:51 Fletching
44:38 Bodkin Arrow
49:30 Imperial Age
Franco
4:59 Loom
12:22 Feudal Age
14:30 Double-Bit Axe
16:56 Fletching
19:57 Scale Mail Armor
26:05 Castle Age
24:46 Padded Archer Armor
26:11 Crossbowman
27:21 Bodkin Arrow
34:02 Wheelbarrow
33:09 Horse Collar
33:40 Bow Saw
35:35 Gold Mining
35:47 Heavy Plow
40:06 Imperial Age
38:05 Stone Mining
40:07 Hand Cart
39:59 Thumb Ring
40:45 Ballistics
40:48 Forging
41:12 Bracer
41:03 Arbalester
43:32 Two-Man Saw
43:04 Crop Rotation
44:53 Leather Archer Armor
44:21 Treadmill Crane
Fs.Ze bolacha
12:02 Feudal Age
10:19 Loom
12:54 Double-Bit Axe
15:04 Forging
25:06 Castle Age
24:48 Scale Barding Armor
26:58 Bow Saw
26:30 Domestication
26:18 Light Cavalry
27:20 Chain Barding Armor
32:53 Iron Casting
33:30 Wheelbarrow
34:06 Husbandry
35:14 Hand Cart
37:32 Pastoralism
39:29 Town Watch
39:41 Stone Mining
39:45 Gold Mining
41:30 Stone Shaft Mining
45:36 Imperial Age
46:01 Town Patrol
46:40 Conscription
46:38 Ordo Cavalry
46:14 Elite Steppe Lancer
47:31 Plate Barding Armor
1 dollar bill
6:51 Loom
12:10 Feudal Age
19:12 Castle Age
18:54 Double-Bit Axe
18:53 Horse Collar
21:05 Town Watch
22:00 Light Cavalry
28:26 Wheelbarrow
30:45 Bow Saw
31:07 Heavy Plow
35:37 Imperial Age
34:01 Hand Cart
34:29 Scale Barding Armor
34:35 Forging
34:19 Gold Mining
35:53 Chain Barding Armor
35:35 Husbandry
36:53 Iron Casting
37:00 Conscription
36:14 Hussar
42:19 Cavalier
Connection lost

Rejoining the realm…

Still unreachable

The connection could not be restored.

Session expired

The server has moved on; the page needs a fresh start.